 Dungeon Crawl Stone Soup version 0.26.1-2-gb8aa6d0cf2 (webtiles) character file.

Game seed: 3067687040852832234

134 Descartes the Magician (level 4, 0/24 HPs)
             Began as a Deep Elf Hedge Wizard on Mar 1, 2021.
             Slain by a jackal (3 damage)
             ... on level 3 of the Dungeon.
             The game lasted 00:06:51 (3361 turns).

Descartes the Magician (Deep Elf Hedge Wizard)      Turns: 3361, Time: 00:06:52

Health: 0/24       AC:  2    Str:  7    XL:     4   Next: 95%
Magic:  9/13       EV: 13    Int: 20    God:
Gold:   158        SH:  0    Dex: 14    Spells: 12/13 levels left

rFire    . . .     SeeInvis .   w - +0 rapier
rCold    . . .     Faith    .   (no shield)
rNeg     + . .     Spirit   .   b - +0 robe
rPois    .         Reflect  .   c - +0 hat
rElec    .         Harm     .   (no cloak)
rCorr    +         Rampage  .   (no gloves)
Will     .....                  (no boots)
Stlth    ++........             (no amulet)
HPRegen  0.08/turn              r - ring of resist corrosion
MPRegen  0.13/turn              s - ring of positive energy

@: no status effects
A: no striking features
a: no special abilities


You were on level 3 of the Dungeon.
You visited 1 branch of the dungeon, and saw 3 of its levels.

You collected 158 gold pieces.

Inventory:

Hand Weapons
 a - a +0 dagger
 w - a +0 rapier (weapon)
Missiles
 d - 32 arrows
 e - 76 stones
 u - 8 poisoned darts
Armour
 b - a +0 robe (worn)
 c - a +0 hat (worn)
Jewellery
 g - an uncursed ring of flight
 o - an uncursed ring of ice
 r - a ring of resist corrosion (left hand)
 s - a ring of positive energy (right hand)
 t - a cursed -4 ring of strength {unknown}
Scrolls
 f - a scroll of remove curse {unknown}
 h - 2 scrolls of enchant armour {unknown}
 k - 2 scrolls of enchant weapon {unknown}
 m - 4 scrolls of identify {unknown}
 q - a scroll of amnesia {unknown}
 v - a scroll of teleportation {unknown}
 y - a scroll of immolation {unknown}
Potions
 i - 3 potions of brilliance {unknown}
 j - a potion of attraction {unknown}
 l - a potion of flight {unknown}
 n - 2 potions of mutation {unknown}
 p - 2 potions of curing {unknown}
 x - a potion of might {unknown}


   Skills:
 - Level 2.4 Dodging
 - Level 2.4 Stealth
 - Level 5.0 Spellcasting
 + Level 4.3 Conjurations
 - Level 1.1 Summonings
 - Level 1.1 Translocations
 + Level 2.1 Evocations


You had 12 spell levels left.
You knew the following spells:

 Your Spells              Type           Power        Failure   Level
a - Magic Dart            Conj           88%          1%          1

Your spell library contained the following spells:

 Spells                   Type           Power        Failure   Level
 Blink                    Tloc           N/A          11%         2
 Call Imp                 Summ           9%           11%         2
 Conjure Flame            Conj/Fire      13%          14%         3
 Slow                     Hex            5%           17%         2
 Mephitic Cloud           Conj/Pois/Air  10%          19%         3


Dungeon Overview and Level Annotations

Branches:
Dungeon (3/15)

Altars:
Okawaru


Message History

The orc is moderately wounded.
The orc hits you with a +0 war axe.
* * * LOW HITPOINT WARNING * * *
Things that are here:
a +0 mace; an orc corpse The jackal barks!
The jackal bites you.
* * * LOW HITPOINT WARNING * * *
The jackal closely misses you. The jackal bites you.
* * * LOW HITPOINT WARNING * * *
The jackal bites you.
* * * LOW HITPOINT WARNING * * *
The jackal barely misses you.
The jackal bites you but does no damage.
The jackal bites you but does no damage.
The jackal closely misses you. The jackal misses you. The jackal bites you.
You die...

#...#...#..# #......# #.....
#..........# #..)...# #.....
#....._....# #......# #.....
#..........# #......# #.....
##..#...#..# #......# #.....
##.##รท##.##
##.o....##########'#
#.......####.......##.........#
###...........h...###..........
#...........@...# #..........
#...............# #...)......
#.....)......#### #..........
#............# #.........#
#............# #.........#
#............# #.........#
#.........)..# #.........#
#.....)......######..........
#############...............#


You could see an orc and a jackal.

Vanquished Creatures
  4 adders
  2 oozes (D:1)
  2 worms
  A dart slug (D:2)
  5 leopard geckos
  3 orcs (D:3)
  9 bats
  2 giant cockroaches (D:1)
  10 goblins
  10 hobgoblins
  2 jackals
  7 frilled lizards
  9 kobolds
  10 rats
76 creatures vanquished.

Notes
Turn   | Place    | Note
-------+----------+-------------------------------------------
     0 | D:1      | Descartes the Deep Elf Hedge Wizard began the quest for the
                  | Orb.
     0 | D:1      | Reached XP level 1. HP: 10/10 MP: 7/7
   205 | D:1      | Reached XP level 2. HP: 15/15 MP: 5/9
   590 | D:1      | Reached XP level 3. HP: 19/19 MP: 4/10
  1129 | D:2      | Noticed a bullfrog
  1236 | D:2      | Reached skill level 1 in Evocations
  1443 | D:2      | Reached XP level 4. HP: 24/24 MP: 8/12
  2477 | D:3      | Reached skill level 5 in Spellcasting
  2722 | D:3      | Found an iron altar of Okawaru.
  3361 | D:3      | Slain by a jackal

Illustrated notes

Levels and vault maps discovered:
D:1:      minmay_arrival_glassed_features, layout_rooms, serial_park_tiny_1
D:2:      layout_loops_ring, lightli_corner_chamber
D:3:      layout_basic, okawaru_gym_becter

Skill      XL: |  1  2  3  4 |
---------------+-------------+-----
Conjurations   | 2 3 4 |  4.3
Evocations     | 1 2 |  2.1
Spellcasting   | 5 |  5.0
Dodging        | |  2.4
Stealth        | |  2.4
Summonings     | |  1.1
Translocations | |  1.1

Action                   |  1- 3 |  4- 6 || total
-------------------------+-------+-------++-------
Melee: Dagger            |     5 |       ||     5
 Cast: Magic Dart        |    88 |    98 ||   186
Armor: Robe              |     2 |     8 ||    10
Dodge: Dodged            |    14 |    30 ||    44
